 Dungeon Crawl Stone Soup version 0.22.0-38-g04b72b8c25 (webtiles) character file.

40 Jynx the Grasshopper (level 3, 0/18 HPs)
             Began as a Spriggan Warper on Aug 27, 2018.
             Succumbed to an adder's poison
             ... on level 2 of the Dungeon.
             The game lasted 00:02:28 (1348 turns).

Jynx the Grasshopper (Spriggan Warper)              Turns: 1348, Time: 00:02:28

Health: 0/18       AC:  2    Str:  5 (7)  XL:     3   Next: 30%
Magic:  6/8        EV: 18    Int: 12 (14) God:
Gold:   82         SH:  0    Dex: 15 (16) Spells: 4/8 levels left

rFire    . . .     SeeInvis +   a - +0 short sword
rCold    . . .     Gourm    .   (shield restricted)
rNeg     . . .     Faith    .   b - +0 robe
rPois    .         Spirit   .   (helmet restricted)
rElec    .         Reflect  .   (no cloak)
rCorr    .         Harm     .   (gloves unavailable)
MR       .....                  (boots unavailable)
Stlth    ++........             (no amulet)
HPRegen  0.06/turn              (no ring)
MPRegen  0.11/turn              (no ring)

@: lethally poisoned (0 -> -7), very quick
A: very small, unfitting armour, see invisible, herbivore, speed 3, slow
metabolism 2
a: no special abilities


You were on level 2 of the Dungeon.
You were not hungry.

You visited 1 branch of the dungeon, and saw 2 of its levels.

You collected 82 gold pieces.

Inventory:

Hand Weapons
 a - a +0 short sword (weapon)
 k - a +0 hunting sling
Missiles
 e - 5 tomahawks of dispersal (quivered)
 l - 41 stones
Armour
 b - a +0 robe (worn)
Scrolls
 c - 4 scrolls of amnesia {unknown}
 d - a scroll of blinking
 g - a scroll of enchant armour {unknown}
 i - a scroll of remove curse {unknown}
Potions
 j - a potion of degeneration
Comestibles
 f - 5 rations


   Skills:
 - Level 1.5 Fighting
 * Level 3.3 Short Blades
 - Level 1.0 Throwing
 - Level 3.5 Dodging
 + Level 2.2 Stealth
 + Level 3.2 Spellcasting
 - Level 4.4 Translocations


You had 4 spell levels left.
You knew the following spells:

 Your Spells              Type           Power        Failure   Level  Hunger
a - Blink                 Tloc           N/A          6%          2    ###....
b - Shroud of Golubria    Chrm/Tloc      #.........   14%         2    ###....

Your spell library contained the following spells:

 Spells                   Type           Power        Failure   Level  Hunger
 Gell's Gravitas          Tloc           ##........   12%         3    ###....
 Lesser Beckoning         Tloc           ##........   12%         3    ###....
 Teleport Other           Tloc           ##......     12%         3    ###....
 Passage of Golubria      Tloc           N/A          36%         4    #####..


Dungeon Overview and Level Annotations

Branches:
Dungeon (2/15)

Altars:


Innate Abilities, Weirdness & Mutations

You are very small and have problems with some larger weapons.
You are too small for most types of armour.
You have supernaturally acute eyesight. (SInv)
You are a herbivore.
You cover ground extremely quickly.
You need to consume almost no food.


Message History

You feel weakened.
You feel dopey.
You feel clumsy.
It was a potion of cancellation.
Your magical effects are unravelling.
You feel magically purged.
Your shroud unravels.
* * * LOW HITPOINT WARNING * * *
You feel sick. The ooze hits you.
* * * LOW HITPOINT WARNING * * *
You hit the ooze but do no damage. The ooze misses you.
You hit the ooze but do no damage.
* * * LOW HITPOINT WARNING * * *
You feel sick. The ooze misses you.
You hit the ooze.
The ooze is heavily wounded.
The ooze barely misses you.
You hit the ooze.
The ooze is almost dead.
You hit the ooze.
You kill the ooze!
You die...

############.....#
#............###.#
#............# #.#
#............###.##
#.(...............#
?#####.......####..#####
........................
.#......#########..#####
#.....@# #..####
#.###.......# #.....## #
#.#####.# #....... #% #.
#####... #.# #. #....##
#... #. #....#
####.##.#####..#.##
..................
#....<........#.


There were no monsters in sight!

Vanquished Creatures
  An adder (D:2)
  An ooze (D:2)
  A dart slug (D:1)
  A leopard gecko (D:1)
  3 bats
  4 giant cockroaches
  5 goblins (D:1)
  2 hobgoblins (D:1)
  2 frilled lizards (D:1)
  A kobold (D:1)
  3 rats (D:1)
24 creatures vanquished.

Notes
Turn   | Place    | Note
-------+----------+-------------------------------------------
     0 | D:1      | Jynx the Spriggan Warper began the quest for the Orb.
     0 | D:1      | Reached XP level 1. HP: 10/10 MP: 5/5
    49 | D:1      | Reached skill level 1 in Stealth
    72 | D:1      | Reached XP level 2. HP: 7/14 MP: 6/6
   230 | D:1      | Learned a level 2 spell: Blink
   485 | D:1      | Learned a level 2 spell: Shroud of Golubria
  1341 | D:2      | Reached XP level 3. HP: 7/18 MP: 5/8
  1348 | D:2      | Succumbed to an adder's poison

Skill      XL: |  1  2 |
---------------+-------+-----
Stealth        | 1 2 |  2.2
Spellcasting   | 3 |  3.2
Short Blades   | 3 |  3.3
Fighting       | |  1.5
Throwing       | |  1.0
Dodging        | |  3.5
Translocations | |  4.4

Action                   || total
-------------------------++-------
Melee: Short sword       ||   102
 Cast: Shroud of Golubri ||     6
  Use: Potion            ||     2
 Stab: Sleeping          ||     3
Armor: Robe              ||    14
Dodge: Dodged            ||    80
